AoeStats
← ecerva.27

MegaRandom

508922393Analyzed
2v2 RM · 8d ago on Sep 24, 2026· 51m 14s· 4 players
Game mode
Random Map
Map size
Medium (4 player)
Population
200
Speed
Normal
Resources
Standard
Victory
Conquest
Starting age
Dark Age
Ending age
Imperial Age
RankedLock teamsTeams togetherTeam positionsShared explorationLock speedFull tech treeHidden civsTurbo modeCheats
Victory
Defeat
🇸🇪 Saxons · Sweden
1295
+13
🇲🇽 Persians · Mexico
1221
+15
🇫🇷 Magyars · France
1250
-15
🇫🇷 Khmer · France
1189
-13
Le Miel Jospin
8:22 Loom
8:27 Loom
10:39 Feudal Age
14:59 Castle Age
13:25 Double-Bit Axe
13:21 Horse Collar
19:59 Husbandry
21:28 Bow Saw
23:25 Scale Barding Armor
24:04 Bloodlines
26:23 Chain Barding Armor
26:15 Light Cavalry
28:01 Fletching
28:28 Padded Archer Armor
29:33 Heresy
33:34 Ballistics
38:16 Imperial Age
38:16 Heavy Plow
38:54 Wheelbarrow
38:24 Gold Mining
39:10 Heavy Cavalry Archer
40:35 Bodkin Arrow
40:55 Leather Archer Armor
42:03 Chemistry
42:27 Bracer
42:45 Thumb Ring
46:28 Parthian Tactics
46:34 Ring Archer Armor
46:21 Recurve Bow
47:25 Parthian Tactics
Elfufu
7:26 Loom
11:18 Feudal Age
17:20 Castle Age
17:14 Double-Bit Axe
22:41 Horse Collar
28:14 Forging
28:10 Scale Barding Armor
28:08 Scale Mail Armor
27:31 Pikeman
29:31 Heavy Plow
32:41 Fletching
34:23 Bodkin Arrow
34:31 Gold Mining
39:06 Imperial Age
37:26 Iron Casting
39:16 Wheelbarrow
40:03 Chain Mail Armor
39:16 Halberdier
41:56 Blast Furnace
41:34 Bow Saw
41:55 Crop Rotation
45:42 Elite Ballista Elephant
48:03 Gold Shaft Mining
49:16 Double Crossbow
49:42 Scale Barding Armor
49:59 Husbandry
50:14 Bloodlines
50:29 Ballistics
51:10 Chemistry
po_v1ft!
8:16 Loom
10:12 Feudal Age
15:16 Castle Age
16:09 Double-Bit Axe
16:41 Scale Mail Armor
21:35 Gambesons
21:53 Pikeman
23:05 Squires
25:08 Wheelbarrow
24:42 Arson
35:14 Imperial Age
35:42 Capped Ram
38:07 Caravan
37:59 Halberdier
40:11 Theocracy
40:41 Block Printing
39:58 Elite Hearth Troop
40:55 Chain Mail Armor
40:50 Forging
40:39 Elite Varangian Guard
43:37 Conscription
46:34 Heavy Scorpion
48:19 Chemistry
49:10 Ballistics
48:40 Treadmill Crane
48:41 Clerical Recruitment
ecerva.27
5:31 Loom
9:03 Feudal Age
14:18 Double-Bit Axe
14:51 Horse Collar
19:32 Castle Age
18:54 Bloodlines
19:04 Scale Barding Armor
28:15 Husbandry
29:24 Forging
32:12 Iron Casting
32:04 Bow Saw
31:57 Heavy Plow
36:43 Imperial Age
35:46 Chain Barding Armor
36:25 Cavalier
36:25 Heavy Camel Rider
38:26 Plate Barding Armor
38:52 Blast Furnace
38:28 Conscription
40:52 Caravan
41:22 Coinage
41:02 Gold Mining
41:03 Stone Mining
41:31 Light Cavalry
41:36 Savar
45:16 Gold Shaft Mining
45:37 Guilds
50:22 Fletching
50:33 Padded Archer Armor
Connection lost

Rejoining the realm…

Still unreachable

The connection could not be restored.

Session expired

The server has moved on; the page needs a fresh start.